 Dungeon Crawl Stone Soup version 0.29-a0-80-g3050e97935 (webtiles) character file.

Game seed: 1117505904177084915

105 EiAlmux the Stinger (level 4, -5/36 HPs)
             Began as a Draconian Venom Mage on Feb 4, 2022.
             Killed by divine providence
             ... invoked by an orc priest
              (16 damage)
             ... on level 3 of the Dungeon.
             The game lasted 00:06:19 (3288 turns).

EiAlmux the Stinger (Draconian Venom Mage)          Turns: 3288, Time: 00:06:20

Health: -5/36      AC:  8    Str: 11    XL:     4   Next: 54%
Magic:  2/7        EV: 12    Int: 17    God:
Gold:   131        SH:  0    Dex: 11    Spells: 6/7 levels left

rFire   . . .      SeeInvis .   a - +0 dagger
rCold   . . .      Faith    .   (no shield)
rNeg    + . .      Spirit   .   (armour unavailable)
rPois   .          Reflect  .   g - +2 hat
rElec   .          Harm     .   (no cloak)
rCorr   .          Rampage  .   (no gloves)
Will    +....                   n - +0 pair of boots
Stlth   ++........              (no amulet)
HPRegen 0.12/turn               e - ring of positive energy
MPRegen 0.10/turn               i - ring of willpower

@: lethally poisoned (-5 -> -8)
A: AC +5, unfitting armour, cold-blooded
a: no special abilities


You were on level 3 of the Dungeon.
You visited 1 branch of the dungeon, and saw 3 of its levels.

You collected 131 gold pieces.

Inventory:

Hand Weapons
 a - a +0 dagger (weapon)
Armour
 g - a +2 hat (worn)
 n - a +0 pair of boots (worn)
 q - a +0 buckler
Jewellery
 e - a ring of positive energy (left hand)
 i - a ring of willpower (right hand)
Wands
 j - a wand of flame (18)
 r - a wand of charming (6)
Scrolls
 b - a scroll of fog {unknown}
 f - a scroll of magic mapping
 k - 3 scrolls of identify
 l - a scroll of fear {unknown}
 m - a scroll of enchant weapon {unknown}
 o - a scroll of blinking {unknown}
 p - a scroll of teleportation {unknown}
Potions
 c - 2 potions of curing
 d - 2 potions of resistance {unknown}
 h - a potion of ambrosia {unknown}


   Skills:
 - Level 2.0 Fighting
 - Level 1.7 Dodging
 + Level 2.4 Stealth
 + Level 0.4 Shields
 + Level 2.4 Spellcasting
 + Level 1.8 Transmutations
 * Level 3.8 Poison Magic


You had 6 spell levels left.
You knew the following spells:

 Your Spells              Type           Power      Damage    Failure   Level
a - Sting                 Tmut/Pois      44%        1d5       6%          1

Your spell library contained the following spells:

 Spells                   Type           Power      Damage    Failure   Level
 Poisonous Vapours        Pois/Air       16%        N/A       13%         2
 Freeze                   Ice            8%         1d3       19%         1
 Mephitic Cloud           Conj/Pois/Air  6%         N/A       32%         3
 Olgreb's Toxic Radiance  Pois           15%        N/A       36%         4
 Frozen Ramparts          Ice            4%         1d2       50%         3
 Ozocubu's Armour         Ice            2%         N/A       50%         3
 Hailstorm                Conj/Ice       2%         3d3       88%         4
 Metabolic Englaciation   Hex/Ice        1%         N/A       99%         5
 Simulacrum               Ice/Necr       1%         N/A       100%        6


Dungeon Overview and Level Annotations

Branches:
Dungeon (3/15)

Altars:
Wu Jian
Yredelemnul

Shops:
D:1 [


Innate Abilities, Weirdness & Mutations

Your plain brown scales are hard. (AC +5)
You cannot fit into any form of body armour.
You are cold-blooded and may be slowed by cold attacks.


Message History

The orc is almost dead.
The orc priest calls down the wrath of Beogh upon you.
You resist with some effort.
Casting: Sting (safe; 6% risk of failure)
Confirm with . or Enter, or press ? or * to list all spells.
Aiming: Sting (safe; 6% risk of failure)
Press: ? - help, Shift-Dir - straight line, f - orc priest, p - orc
Aim: an orc priest, wielding a +0 hand axe and wearing a +0 leather armour (71% to hit)
The sting misses the orc priest.
You kill the orc!
The orc closely misses you. The orc hits you but does no damage.
You are poisoned.
Casting: Sting (safe; 6% risk of failure)
Confirm with . or Enter, or press ? or * to list all spells.
Aiming: Sting (safe; 6% risk of failure)
Press: ? - help, Shift-Dir - straight line, f/p - orc priest
Aim: an orc priest, wielding a +0 hand axe and wearing a +0 leather armour (71% to hit)
The sting hits the orc priest but does no damage.
The orc priest is poisoned.
You feel sick. The orc hits you but does no damage.
The orc hits you with a +2 dagger of venom.
You are more poisoned.
The orc priest calls down the wrath of Beogh upon you.
Beogh smites you!
Casting: Sting (safe; 6% risk of failure)
Confirm with . or Enter, or press ? or * to list all spells.
Aiming: Sting (safe; 6% risk of failure)
Press: ? - help, Shift-Dir - straight line, f/p - orc priest
Aim: an orc priest, wielding a +0 hand axe and wearing a +0 leather armour (poisoned, 71% to hit)
The sting hits the orc priest.
The orc priest looks even sicker.
The orc priest is moderately wounded.
You feel sick. The orc closely misses you. The orc barely misses you.
The orc priest closely misses you.
You feel sick.
You feel sick.
You feel sick.
You feel sick.
You feel sick.
The orc priest mumbles some strange prayers to Beogh against you.
Beogh smites you!
You die...

##..≈≈..##. #...≈≈......
###...........
#.....).._..#
#.#.o♣♣.....##. # #
#.o♣♣........ .
#.##.....≈≈.... #
#..#..o..≈≈.... #
##...#.@.......# ######
#......##.....## .......
#.#......################
# #.........#.#..........
# #.#..####.#.#.#########
#.#.#.....#.#.#.#########
#.#.#..##.#.#.#.#........
#....<...................
###.#.#####.#.#.#.#..#...


You could see an orc priest (poisoned) and 2 orcs.

Vanquished Creatures
  Ijyb (D:3)
  3 adders
  2 worms (D:2)
  A dart slug (D:3)
  An orc (D:3)
  5 bats
  4 endoplasms
  5 giant cockroaches
  6 goblins
  2 hobgoblins (D:1)
  A jackal (D:2)
  2 quokkas
  3 ball pythons
  A frilled lizard (D:2)
  A rat (D:2)
38 creatures vanquished.

Vanquished Creatures (others)
  A worm (D:3)
  A plant (D:2)
2 creatures vanquished.

Grand Total: 40 creatures vanquished

Notes
Turn   | Place    | Note
-------+----------+-------------------------------------------
     0 | D:1      | EiAlmux the Draconian Venom Mage began the quest for the
                  | Orb.
     0 | D:1      | Reached XP level 1. HP: 14/14 MP: 3/3
   256 | D:1      | Found Usecicw's Armour Shop.
   582 | D:1      | Reached skill level 1 in Fighting
   584 | D:1      | Reached XP level 2. HP: 23/23 MP: 1/5
  1023 | D:2      | Found a faded altar of an unknown god.
  1430 | D:2      | Reached XP level 3. HP: 25/28 MP: 0/6
  2818 | D:3      | Found a faded altar of an unknown god.
  2822 | D:3      | Found a basalt altar of Yredelemnul.
  2876 | D:3      | Reached XP level 4. HP: 25/36 MP: 0/7
  3053 | D:3      | Noticed Ijyb
  3073 | D:3      | Killed Ijyb
  3248 | D:3      | Found an ornate altar of the Wu Jian Council.
  3288 | D:3      | Killed from afar by an orc priest

Illustrated notes

Levels and vault maps discovered:
D:1:      lightli_iron_boxes, layout_rooms, serial_shops, nicolae_square_shop
D:2:      layout_loops_corners, shapermc_ecumenical_altar_mp_vishouse,
          serial_forest, infiniplex_forest_end_3, infiniplex_forest_clump_small,
          infiniplex_forest_clump_small, infiniplex_forest_clump_long,
          infiniplex_forest_zigzag_2, infiniplex_forest_end_3,
          kennysheep_generic_room_11
D:3:      layout_basic, nicolae_overflow_ecumenical_swirl,
          nicolae_wu_jian_wuxing_cycle, st_stairs_6, uniq_ijyb

Skill      XL: |  1  2  3 |
---------------+----------+-----
Fighting       | 1 2 |  2.0
Stealth        | 2 |  2.4
Dodging        | |  1.7
Shields        | |  0.4
Spellcasting   | |  2.4
Transmutations | |  1.8
Poison Magic   | |  3.8

Action                   |  1- 3 |  4- 6 || total
-------------------------+-------+-------++-------
Melee: Dagger            |    37 |    11 ||    48
       Unarmed           |     2 |       ||     2
       Tailslap          |     2 |     1 ||     3
 Cast: Sting             |    68 |    25 ||    93
  Use: Scroll            |     2 |       ||     2
Armor: Skin              |    25 |     4 ||    29
Dodge: Dodged            |    63 |    14 ||    77

Table legend: (Time is in decaauts)
 A = Elapsed time spent in this place.
 B = Non-inter-level travel time spent in this place.
 C = Inter-level travel time spent in this place.
 D = Time resting spent in this place.
 E = Time spent auto-exploring this place.
 F = Levels seen in this place.
 G = Mean time per level.
                   A        B        C        D        E       F      G
               +--------+--------+--------+--------+--------+-----+--------+
         Total |   3289 |   3186 |    103 |    411 |   2392 |   3 | 1096.3 |
       Dungeon |   3289 |   3186 |    103 |    411 |   2392 |   3 | 1096.3 |
               +--------+--------+--------+--------+--------+-----+--------+

Top non-repeatable levels by time:
     D:2: 1608 daAuts
     D:1: 952 daAuts
     D:3: 728 daAuts
